General information
- name: BNet
- type: Ladder team game (AT/RT)
- host: Battle.net
- saver: Teelo
map: GoldRush
- players: 8
- length: 16:23
- speed: Fast
- version: 1.26 W3XP
- replay type: Public
» download(109 KB)
Players
team 1 (loser)

»
BananaBilly (
purple | 38 APM | 626 actions | 16:20)
3 Death Knight
1 Death Coil
2 Unholy Aura
» actions
| Assign group hotkey | 8 | |
| Build / train | 41 | |
| Enter build submenu | 31 | |
| Enter hero's abilities submenu | 3 | |
| Right click | 163 | |
| Select / deselect | 167 | |
| Select group hotkey | 169 | |
| Use ability | 44 | |
626 total
» units
» upgrades
| Cannibalize | 1 | |
| Unholy Strength | 1 | |
2 total
» buildings
| Crypt | 2 | |
| Graveyard | 2 | |
| Ziggurat | 11 | |
| Altar of Darkness | 2 | |
| Tomb of Relics | 2 | |
| Halls of the Dead | 2 | |
| Necropolis | 1 | |
| Black Citadel | 1 | |
| Spirit Tower | 4 | |
| Slaughterhouse | 1 | |
| Temple of the Damned | 3 | |
31 total
» build order
00:11 Crypt
00:19 Graveyard
00:43 Ziggurat
01:02 Altar of Darkness
01:31 Ziggurat
02:11 Tomb of Relics
03:11 Ziggurat
04:03 Halls of the Dead
05:38 Ziggurat
06:49 Necropolis
06:58 Black Citadel
07:08 Spirit Tower
07:13 Spirit Tower
07:32 Ziggurat
07:36 Slaughterhouse
07:44 Temple of the Damned
08:19 Spirit Tower
09:26 Spirit Tower
10:18 Crypt
10:25 Ziggurat
10:28 Ziggurat
10:31 Ziggurat
12:10 Altar of Darkness
12:43 Ziggurat
12:45 Ziggurat
13:19 Halls of the Dead
13:25 Graveyard
14:00 Ziggurat
14:07 Tomb of Relics
16:16 Temple of the Damned
16:18 Temple of the Damned
» items
| Rod of Necromancy | 1 | |
| Potion of Healing | 2 | |
3 total
Game_or_So (
red | 72 APM | 1116 actions | 15:28)
4 Blademaster
2 Critical Strike
2 Wind Walk
1 Shadow Hunter
1 Healing Wave
» actions
| Assign group hotkey | 34 | |
| Basic commands | 25 | |
| Build / train | 72 | |
| Enter build submenu | 32 | |
| Enter hero's abilities submenu | 5 | |
| Give item / drop item | 2 | |
| Remove unit from queue | 1 | |
| Right click | 342 | |
| Select / deselect | 266 | |
| Select group hotkey | 239 | |
| Use ability | 98 | |
1116 total
» units
| Peon | 19 | |
| Grunt | 17 | |
| Raider | 4 | |
| Troll Batrider | 6 | |
46 total
» upgrades
» buildings
| Altar of Storms | 1 | |
| Orc Burrow | 6 | |
| Barracks | 1 | |
| Voodoo Lounge | 1 | |
| Great Hall | 1 | |
| War Mill | 1 | |
| Stronghold | 2 | |
| Watch Tower | 14 | |
| Beastiary | 3 | |
30 total
» build order
00:07 Altar of Storms
00:10 Orc Burrow
00:57 Barracks
01:32 Orc Burrow
01:40 Voodoo Lounge
02:10 Orc Burrow
02:53 Orc Burrow
03:54 Great Hall
04:24 War Mill
05:17 Stronghold
07:13 Watch Tower
07:34 Orc Burrow
08:07 Watch Tower
08:09 Watch Tower
08:10 Watch Tower
08:21 Watch Tower
08:32 Beastiary
08:35 Beastiary
08:38 Watch Tower
08:45 Beastiary
09:28 Watch Tower
09:36 Watch Tower
09:47 Watch Tower
09:49 Watch Tower
11:25 Orc Burrow
11:28 Watch Tower
11:38 Watch Tower
12:13 Watch Tower
12:14 Watch Tower
14:20 Stronghold
» items
| Healing Salve | 4 | |
| Boots of Speed | 1 | |
| Lesser Clarity Potion | 3 | |
| Scroll of Speed | 3 | |
| Potion of Healing | 2 | |
| Potion of Mana | 2 | |
15 total

»
jblaze69 (
teal | 45 APM | 704 actions | 15:41)
4 Mountain King
2 Storm Bolt
2 Bash
2 Paladin
1 Holy Light
1 Divine Shield
» actions
| Assign group hotkey | 21 | |
| Basic commands | 50 | |
| Build / train | 52 | |
| Enter build submenu | 20 | |
| Enter hero's abilities submenu | 6 | |
| Give item / drop item | 2 | |
| Right click | 131 | |
| Select / deselect | 140 | |
| Select group hotkey | 235 | |
| Use ability | 46 | |
704 total
» units
| Peasant | 12 | |
| Rifleman | 7 | |
| Forest Troll Shadow Priest | 1 | |
| Priest | 5 | |
| Siege Engine | 3 | |
| Sorceress | 2 | |
30 total
» upgrades
| Gunpowder | 3 | |
| Lumber Harvesting | 2 | |
| Priest Training | 2 | |
| Masonry | 1 | |
8 total
» buildings
| Altar of Kings | 1 | |
| Farm | 8 | |
| Lumber Mill | 1 | |
| Blacksmith | 1 | |
| Barracks | 1 | |
| Scout Tower | 1 | |
| Arcane Vault | 1 | |
| Guard Tower | 1 | |
| Keep | 1 | |
| Town Hall | 1 | |
| Arcane Sanctum | 1 | |
| Castle | 1 | |
| Workshop | 2 | |
21 total
» build order
00:05 Altar of Kings
00:06 Farm
00:48 Lumber Mill
01:14 Blacksmith
01:26 Farm
01:57 Barracks
02:41 Scout Tower
02:48 Arcane Vault
03:11 Guard Tower
03:31 Farm
03:52 Keep
04:05 Farm
05:31 Town Hall
05:36 Farm
06:52 Arcane Sanctum
07:35 Castle
08:56 Farm
10:05 Workshop
11:00 Workshop
11:15 Farm
12:39 Farm
» items
| Scroll of Regeneration | 1 | |
| Lesser Clarity Potion | 1 | |
| Scroll of Town Portal | 1 | |
3 total
imwastedagain (
orange | 16 APM | 256 actions | 16:07)
2 Death Knight
1 Death Coil
1 Unholy Aura
» actions
| Basic commands | 20 | |
| Build / train | 47 | |
| Enter build submenu | 26 | |
| Enter hero's abilities submenu | 2 | |
| Give item / drop item | 1 | |
| Right click | 5 | |
| Select / deselect | 110 | |
| Use ability | 45 | |
256 total
» units
» upgrades
| Creature Attack | 2 | |
| Creature Carapace | 3 | |
5 total
» buildings
| Graveyard | 2 | |
| Crypt | 2 | |
| Altar of Darkness | 2 | |
| Ziggurat | 12 | |
| Tomb of Relics | 2 | |
| Halls of the Dead | 2 | |
| Necropolis | 1 | |
| Spirit Tower | 9 | |
| Black Citadel | 1 | |
| Sacrificial Pit | 1 | |
34 total
» build order
00:57 Graveyard
01:01 Crypt
01:05 Altar of Darkness
01:10 Ziggurat
01:30 Tomb of Relics
01:46 Ziggurat
02:15 Ziggurat
04:35 Halls of the Dead
05:53 Ziggurat
05:55 Ziggurat
05:58 Ziggurat
06:02 Ziggurat
06:29 Necropolis
07:04 Graveyard
08:15 Halls of the Dead
08:21 Crypt
08:31 Tomb of Relics
09:36 Spirit Tower
10:29 Spirit Tower
10:37 Spirit Tower
10:46 Spirit Tower
12:22 Altar of Darkness
12:50 Ziggurat
12:57 Ziggurat
13:00 Ziggurat
13:03 Ziggurat
13:07 Ziggurat
13:34 Black Citadel
13:48 Spirit Tower
13:50 Spirit Tower
13:57 Spirit Tower
14:08 Spirit Tower
14:11 Spirit Tower
14:28 Sacrificial Pit
team 2 (winner)
Psycho[AD] (
green | 35 APM | 571 actions | 16:21)
4 Mountain King
2 Storm Bolt
2 Bash
1 Beastmaster
1 Summon Bear
» actions
| Assign group hotkey | 8 | |
| Build / train | 53 | |
| Enter build submenu | 21 | |
| Enter hero's abilities submenu | 6 | |
| Remove unit from queue | 6 | |
| Right click | 304 | |
| Select / deselect | 137 | |
| Select group hotkey | 5 | |
| Use ability | 31 | |
571 total
» units
» upgrades
| Gunpowder | 2 | |
| Armor | 2 | |
| Long Rifles | 1 | |
5 total
» buildings
| Altar of Kings | 1 | |
| Farm | 12 | |
| Barracks | 1 | |
| Blacksmith | 1 | |
| Arcane Vault | 1 | |
| Lumber Mill | 1 | |
| Scout Tower | 3 | |
| Guard Tower | 1 | |
| Keep | 1 | |
| Arcane Tower | 1 | |
| Castle | 1 | |
24 total
» build order
00:42 Altar of Kings
00:57 Farm
01:09 Barracks
01:24 Blacksmith
01:54 Farm
02:33 Farm
02:41 Arcane Vault
03:16 Farm
03:44 Farm
04:00 Farm
04:31 Lumber Mill
04:39 Farm
05:25 Farm
06:30 Scout Tower
06:33 Scout Tower
07:30 Guard Tower
07:33 Scout Tower
09:10 Keep
10:07 Arcane Tower
10:14 Farm
11:36 Farm
13:10 Farm
13:11 Castle
14:39 Farm
» items
| Scroll of Regeneration | 1 | |
| Lesser Clarity Potion | 1 | |
2 total

»
DudeYouSuck (
yellow | 110 APM | 1793 actions | 16:21)
5 Tauren Chieftain
2 Shockwave
3 Endurance Aura
3 Goblin Tinker
1 Pocket Factory
1 Cluster Rockets
1 Engineering Upgrade
2 Firelord
1 Incinerate
1 Soul Burn
» actions
| Assign group hotkey | 254 | |
| Basic commands | 69 | |
| Build / train | 71 | |
| Enter build submenu | 17 | |
| Enter hero's abilities submenu | 10 | |
| Give item / drop item | 9 | |
| Right click | 548 | |
| Select / deselect | 221 | |
| Select group hotkey | 510 | |
| Use ability | 84 | |
1793 total
» units
| Peon | 18 | |
| Troll Headhunter/Berserker | 11 | |
| Troll Witch Doctor | 4 | |
| Shaman | 3 | |
36 total
» upgrades
| Ranged Weapons | 2 | |
| Armor | 1 | |
| Troll Regeneration | 1 | |
| Witch Doctor Training | 2 | |
| Berserker Upgrade | 1 | |
| Shaman Training | 2 | |
9 total
» buildings
| Orc Burrow | 6 | |
| War Mill | 1 | |
| Altar of Storms | 1 | |
| Barracks | 1 | |
| Voodoo Lounge | 2 | |
| Great Hall | 2 | |
| Stronghold | 1 | |
| Fortress | 1 | |
| Spirit Lodge | 2 | |
17 total
» build order
00:08 Orc Burrow
00:35 War Mill
00:43 Altar of Storms
01:05 Barracks
01:44 Orc Burrow
02:29 Voodoo Lounge
03:56 Great Hall
05:08 Stronghold
06:49 Orc Burrow
07:29 Fortress
07:43 Spirit Lodge
08:24 Spirit Lodge
09:01 Orc Burrow
12:42 Orc Burrow
12:44 Orc Burrow
13:21 Great Hall
15:26 Voodoo Lounge
» items
| Healing Salve | 1 | |
| Lesser Clarity Potion | 2 | |
| Scroll of Speed | 1 | |
| Scroll of Town Portal | 1 | |
| Potion of Mana | 2 | |
| Circlet of Nobility | 1 | |
| Boots of Speed | 1 | |
| Orb of Lightning | 1 | |
| Potion of Healing | 1 | |
11 total

»
Teelo (
blue | 65 APM | 1067 actions | 16:23)
6 Dark Ranger
3 Black Arrow
2 Silence
1 Charm
» actions
| Assign group hotkey | 127 | |
| Basic commands | 53 | |
| Build / train | 55 | |
| ESC pressed | 1 | |
| Enter build submenu | 17 | |
| Enter hero's abilities submenu | 6 | |
| Give item / drop item | 4 | |
| Right click | 409 | |
| Select / deselect | 141 | |
| Select group hotkey | 207 | |
| Use ability | 47 | |
1067 total
» units
| Acolyte | 10 | |
| Ghoul | 4 | |
| Crypt Fiend | 13 | |
27 total
» upgrades
| Creature Attack | 3 | |
| Creature Carapace | 2 | |
| Burrow | 1 | |
| Web | 1 | |
7 total
» buildings
| Ziggurat | 7 | |
| Altar of Darkness | 1 | |
| Crypt | 2 | |
| Graveyard | 1 | |
| Nerubian Tower | 1 | |
| Tomb of Relics | 1 | |
| Halls of the Dead | 1 | |
| Spirit Tower | 2 | |
| Sacrificial Pit | 1 | |
| Black Citadel | 1 | |
| Necropolis | 1 | |
19 total
» build order
00:09 Ziggurat
00:13 Altar of Darkness
00:39 Crypt
01:01 Graveyard
01:09 Nerubian Tower
01:29 Ziggurat
02:34 Tomb of Relics
03:06 Ziggurat
03:52 Crypt
06:50 Ziggurat
07:23 Halls of the Dead
07:25 Spirit Tower
09:42 Spirit Tower
09:45 Sacrificial Pit
09:48 Black Citadel
10:44 Necropolis
12:39 Ziggurat
12:40 Ziggurat
12:40 Ziggurat
» items
| Sacrificial Skull | 1 | |
| Rod of Necromancy | 1 | |
| Dust of Appearance | 1 | |
| Potion of Healing | 2 | |
| Scroll of Regeneration | 1 | |
| Scroll of Town Portal | 1 | |
| Lesser Clarity Potion | 1 | |
| Potion of Mana | 1 | |
9 total
Orcmasters (
pink | 38 APM | 615 actions | 16:21)
4 Crypt Lord
2 Carrion Beetles
1 Impale
1 Spiked Carapace
» actions
| Assign group hotkey | 6 | |
| Basic commands | 5 | |
| Build / train | 48 | |
| Enter build submenu | 7 | |
| Enter hero's abilities submenu | 5 | |
| Remove unit from queue | 1 | |
| Right click | 386 | |
| Select / deselect | 101 | |
| Select group hotkey | 31 | |
| Use ability | 25 | |
615 total
» units
| Acolyte | 2 | |
| Ghoul | 6 | |
| Crypt Fiend | 18 | |
26 total
» upgrades
| Cannibalize | 1 | |
| Creature Carapace | 2 | |
| Creature Attack | 4 | |
| Web | 1 | |
| Burrow | 0 | |
| Unholy Armor | 2 | |
| Unholy Strength | 2 | |
12 total
» buildings
| Ziggurat | 3 | |
| Altar of Darkness | 1 | |
| Crypt | 1 | |
| Tomb of Relics | 1 | |
| Graveyard | 1 | |
| Halls of the Dead | 1 | |
| Nerubian Tower | 1 | |
| Black Citadel | 1 | |
10 total
» build order
00:13 Ziggurat
00:17 Altar of Darkness
00:38 Crypt
00:58 Tomb of Relics
01:31 Ziggurat
01:36 Graveyard
04:01 Halls of the Dead
04:25 Ziggurat
05:11 Nerubian Tower
11:45 Black Citadel
» items
Chat log
(00:20 / Allies) Psycho[AD]: rush?
(00:24 / Allies) Teelo: meh
(00:25 / Allies) Orcmasters: yeah
(00:34 / Allies) Psycho[AD]: rifles
(00:35 / Allies) Psycho[AD]: mk
(02:05 / Allies) Psycho[AD]: d
(02:06 / Allies) Psycho[AD]: d
(02:58 / Allies) Psycho[AD]: no on ewentt
(03:01 / Allies) Psycho[AD]: dk?
(03:09 / Allies) Teelo: looks like it
(04:06 / Allies) Orcmasters: ready
(04:13 / Allies) Psycho[AD]: me too
(04:44 / Allies) Psycho[AD]: meet?
(04:50 / Allies) Psycho[AD]: omw
(05:20 / Allies) DudeYouSuck: bleu u make me fuckin sick
(05:24 / Allies) Teelo: oh?
(05:26 / Allies) DudeYouSuck: U HAVE A SHOP IN YOUR ABSE AND U DONT BUY ROD
(05:31 / Allies) DudeYouSuck: now u buy a rod from pink?
(05:35 / Allies) DudeYouSuck: fuckin asshole
(05:39 / Allies) Teelo: i never went back to my base afte rthe shop finished
(05:44 / Allies) Psycho[AD]: lol
(05:44 / Allies) DudeYouSuck: could have had 3 eros with rods
(05:45 / Allies) Psycho[AD]: no fightt
(05:46 / Allies) Psycho[AD]: plz
(05:51 / Allies) DudeYouSuck: then why fuckin make it at all?
(05:58 / Allies) Teelo: part of my mine block
(06:00 / Allies) DudeYouSuck: raise his yards there and pass rod
(06:04 / Allies) Psycho[AD]: tech lol
(06:06 / Allies) Psycho[AD]: on this small map
(06:12 / Allies) DudeYouSuck: click teh rod idiot
(06:14 / Allies) Teelo: lol 7 ghouls
(06:15 / Allies) Teelo: wtf
(06:22 / Allies) Psycho[AD]: main
(06:24 / Allies) DudeYouSuck: pass the rod
(06:26 / Allies) DudeYouSuck: so i cna use
(06:47 / Allies) Teelo: take it from pink
(06:49 / Allies) Orcmasters: use my rods
(06:52 / Allies) Psycho[AD]: this is sad lol
(06:54 / Allies) DudeYouSuck: fuck it
(07:01 / Allies) DudeYouSuck: they suck so bad
(07:07 / Allies) DudeYouSuck: its like 4 peopel all blues skill lev
(07:43 / Allies) Psycho[AD]: purple almostt done tech
(09:27 / Allies) Orcmasters: hall
(09:57 / Allies) DudeYouSuck: wood?
(10:05 / Allies) Teelo: sorry i dont swing that way
(10:11 / Allies) Orcmasters: lol
(10:15 / Allies) DudeYouSuck: the expo behind u is clear green fyi
(10:23 / Allies) DudeYouSuck: bleu u are a fuckin moron
(10:25 / Allies) DudeYouSuck: in all aspects
(10:26 / Allies) Orcmasters: clan ds if you need a clan
(10:28 / Allies) DudeYouSuck: even shitty jokes
(10:36 / All) Psycho[AD]: clan mym
(12:04 / Allies) Psycho[AD]: move units
(15:08 / All) Psycho[AD]: omfg
(15:33 / All) Psycho[AD]: clan mym
(15:35 / All) Psycho[AD]: MyM
(15:45 / All) Teelo: clan TOWA
(15:55 / All) Psycho[AD]: clan mym
(16:01 / All) Teelo: clan TOWA